 Dungeon Crawl Stone Soup version 0.20.0-15-g7f486f2 (webtiles) character file.

51 vishdafish the Insei (level 3, -4/24 HPs)
             Began as an Octopode Transmuter on June 30, 2017.
             Slain by Robin
             ... wielding a +0 dagger
              (5 damage)
             ... on level 2 of the Dungeon.
             The game lasted 00:02:30 (1141 turns).

vishdafish the Insei (Octopode Transmuter)          Turns: 1141, Time: 00:02:30

Health: -4/24      AC:  1    Str: 10    XL:     3   Next: 81%
Magic:  6/6        EV: 13    Int: 15    God:
Gold:   57         SH:  0    Dex: 12    Spells: 6/7 levels left

rFire    . . .     SeeInvis .     - Unarmed
rCold    . . .     Gourm    .   (no shield)
rNeg     . . .     Faith    .   (helmet restricted)
rPois    .         Spirit   .   (no amulet)
rElec    .         Reflect  .   (no ring)
rCorr    .         Harm     .   (no ring)
MR       .....                  (no ring)
Stlth    ++........             (no ring)
Regen    0.1/turn               (no ring)
MPRegen  0.1/turn               (no ring)
                                (no ring)
                                (no ring)

@: no status effects
A: almost no armour, stealthy swim, amphibious, 8 rings, constrict 8, camouflage
1, gelatinous body 1
a: no special abilities


You were on level 2 of the Dungeon.
You were hungry.

You visited 1 branch of the dungeon, and saw 2 of its levels.

You collected 57 gold pieces.

Inventory:

Missiles
 a - 32 arrows
Scrolls
 d - 2 scrolls of identify {unknown}
 h - a scroll of immolation {unknown}
 i - a scroll of recharging {unknown}
 j - a scroll of fog {unknown}
Potions
 g - a potion of lignification
Books
 b - a book of Changes

   Spells                             Type                      Level
   a - Beastly Appendage              Transmutation                1
   b - Sticks to Snakes               Transmutation                2
   c - Spider Form                    Transmutation/Poison         3
   d - Ice Form                       Ice/Transmutation            4
   e - Blade Hands                    Transmutation                5
Comestibles
 c - 2 bread rations
 f - a royal jelly


   Skills:
 * Level 1.9 Fighting
 * Level 2.2 Dodging
 + Level 3.4 Unarmed Combat
 * Level 2.5 Spellcasting
 + Level 2.3 Transmutations


You had 6 spell levels left.
You knew the following spells:

 Your Spells              Type           Power        Failure   Level  Hunger
a - Beastly Appendage     Tmut           #.....       9%          1    #......


Dungeon Overview and Level Annotations

Branches:
Dungeon (2/15)

Altars:

Annotations:
D:2 Robin


Innate Abilities, Weirdness & Mutations

You cannot wear most types of armour.
You are very stealthy in the water. (Stealth+)
You are amphibious.
You can wear up to eight rings at the same time.
You can use your tentacles to constrict eight enemies at once.
Your skin changes colour to match your surroundings (Stealth+).
Your rubbery body absorbs attacks. (AC +1, EV +1)


Message History

The goblin hits you but does no damage.
The hobgoblin hits you but does no damage.
You hit the goblin.
You kill the goblin!
The hobgoblin no longer looks unusually strong.
The hobgoblin hits you but does no damage.
You hit the hobgoblin.
The hobgoblin is almost dead.
The hobgoblin hits you but does no damage.
You smack the hobgoblin!
You kill the hobgoblin!
You hit Robin but do no damage.
You feel less wooden. Robin closely misses you.
You tentacle-slap Robin. Your grab misses Robin.
Robin is lightly wounded.
You tentacle-slap Robin. You grab Robin.
Robin is moderately wounded.
You constrict Robin, but do no damage. Robin hits you with a dagger.
You die...

#..........# #..####
#..........###.....#
#
...........#.......#
#.
...........####....#
#.. ...........#
#)...# #...
...........# #....#
.............##.#
#....#
#.....######.# .#
#....#
#.....Kg@)...# .#
#....#
#.###..####### .#
#....# #.. #....#
#.. ###### #.. #..
#.. #..


You could see Robin and a kobold.

Vanquished Creatures
  2 dart slugs (D:1)
  14 goblins
  7 hobgoblins
  A bat (D:1)
  5 frilled lizards
  7 kobolds (D:1)
  7 rats (D:1)
43 creatures vanquished.

Notes
Turn   | Place    | Note
-------+----------+-------------------------------------------
     0 | D:1      | vishdafish the Octopode Transmuter began the quest for the Orb.
     0 | D:1      | Reached XP level 1. HP: 13/13 MP: 3/3
   282 | D:1      | Reached XP level 2. HP: 18/18 MP: 5/5
   737 | D:1      | Reached XP level 3. HP: 23/23 MP: 6/6
  1102 | D:2      | Noticed Robin
  1129 | D:2      | HP: 1/36 [hobgoblin/club[Robin] (5)]
  1141 | D:2      | Slain by Robin

Action                   || total
-------------------------++-------
Melee: Unarmed           ||    92
       Constrict         ||    19
       Tentacles         ||     7
       Punch             ||     3
  Use: Potion            ||     2
 Stab: Sleeping          ||     5
       Distracted        ||     1
Armor: Skin              ||    20
Dodge: Dodged            ||    29
